 Dungeon Crawl Stone Soup version 0.15.0-11-g6f4f891 (webtiles) character file.

178853 RobertPalmer the Warrior (level 18, -7/107 HPs)
             Began as a Vine Stalker Gladiator on Aug 30, 2014.
             Was a High Priest of Okawaru.
             Mangled by a thorn hunter (8 damage)
             ... on Level 5 of the Swamp on Aug 31, 2014.
             The game lasted 02:49:29 (32759 turns).

RobertPalmer the Warrior (Vine Stalker Gladiator)  Turns: 32759, Time: 02:49:31

HP  -7/107       AC 34     Str 19      XL: 18   Next: 21%
MP   0/28        EV 18     Int 16      God: Okawaru [*****.]
Gold 2530        SH 12     Dex 34      Spells:  1 memorised, 13 levels left

rFire  + + .     SeeInvis .     a - staff of earth
rCold  + + .     Clarity  +     f - +7 chain mail "Ghoim" {rC+}
rNeg   + . .     rCorr    .     z - +2 shield of Resistance {rF+ rC+ MR+}
rPois  .         rRot     +     (helmet restricted)
rElec  .         Spirit   +     d - +0 cloak of the Falcon {Int+5}
SustAb .         Warding  .     X - +2 pair of gloves {Dex+3}
rMut   .         Stasis   .     p - +2 pair of boots of Miracles {rF+}
Gourm  .                        h - amulet of clarity
MR     +++..                    T - ring "Pligezxo" {rN+ Dex+5 Int+3}
                                x - ring of regeneration

@: agile, about to teleport, extremely resistant to hostile enchantments, very
unstealthy
A: fangs 3, horns 1, icy blue scales 1, rough black scales 1, regeneration 3,
magic shield, antimagic bite, no device heal 3, rot immunity
a: Heroism, Finesse, Renounce Religion


You were on level 5 of the Swamp.
You worshipped Okawaru.
Okawaru was extremely pleased with you.
You were hungry.

You visited 5 branches of the dungeon, and saw 33 of its levels.
You visited the Abyss 1 time.
You also visited: Labyrinth and Bailey.

You collected 3503 gold pieces.
You spent 973 gold pieces at shops.


Innate Abilities, Weirdness & Mutations

You have razor-sharp teeth.
You regenerate.
When hurt, damage is shared between your health and your magic reserves.
Your bite disrupts and absorbs the magic of your enemies.
Potions and wands cannot restore your health.
You are immune to rotting.
You have a pair of small horns on your head.
You are partially covered in icy blue scales (AC +1).
You are partially covered in rough black scales (AC +4, Dex -1).


   Skills:
 - Level 16.7 Fighting
 - Level 8.0 Staves
 - Level 1.7 Throwing
 - Level 14.7 Armour
 + Level 9.4 Dodging
 - Level 1.0 Shields
 - Level 10.1 Earth Magic
 - Level 3.1 Invocations
 + Level 5.6 Evocations


You had 13 spell levels left.
You knew the following spells:

 Your Spells              Type           Power        Failure   Level  Hunger
z - Petrify               Trmt/Erth      ###.....     100%        4    #####..

Inventory:

Hand weapons
 b - a +0 blowgun
 I - a +1 quarterstaff of speed
Missiles
 D - 7 curare-tipped needles
 Z - 3 throwing nets (quivered)
Armour
 d - the +0 cloak of the Falcon (worn) {Int+5}
   (You acquired it on level 12 of the Dungeon)

   It affects your intelligence (+5).
 f - the +7 chain mail "Ghoim" (worn) {rC+}
   (You found it on level 5 of the Lair of Beasts)

   It protects you from cold.
 p - the +2 pair of boots of Miracles (worn) {rF+}
   (You found it on level 1 of the Swamp)

   It protects you from fire.
 v - a +2 pair of boots of flying
 z - the +2 shield of Resistance (worn) {rF+ rC+ MR+}
   (You acquired it on level 8 of the Dungeon)

   It protects you from fire.
   It protects you from cold.
   It affects your resistance to hostile enchantments.
 O - the +3 helmet of Anaesthesia {Dex+2 Int+3}
   (You found it on level 3 of the Swamp)

   It affects your intelligence (+3).
   It affects your dexterity (+2).
 X - a +2 pair of gloves of dexterity (worn)
Magical devices
 l - a wand of hasting (2) {!d}
 H - a wand of lightning (3)
 W - a wand of digging (13)
Comestibles
 m - 21 beef jerkies
 K - a slice of pizza
 N - 22 meat rations
Scrolls
 i - 2 scrolls of amnesia
 j - 7 scrolls of enchant armour
 q - a scroll of fog
 r - a scroll of magic mapping
 t - 2 scrolls of summoning
 B - 4 scrolls of enchant weapon
 L - 2 scrolls of teleportation
 M - 5 scrolls of immolation {!r}
 Q - 7 scrolls of remove curse
 R - a scroll of torment {!r}
 U - 3 scrolls of identify
 V - 2 scrolls of recharging
Jewellery
 h - an amulet of clarity (around neck)
 n - an uncursed amulet of stasis
 s - an uncursed ring of protection from fire
 x - a ring of regeneration (left hand)
 C - an uncursed ring of see invisible
 F - an uncursed ring of positive energy
 G - a cursed ring of protection from cold
 J - an uncursed amulet of rage
 P - an uncursed amulet of warding
 T - the ring "Pligezxo" (right hand) {rN+ Dex+5 Int+3}
   (You bought it in a shop on level 4 of the Orcish Mines)

   [ring of positive energy]

   It affects your intelligence (+3).
   It affects your dexterity (+5).
   It protects you from negative energy.
Potions
 e - a potion of curing
 g - 7 potions of haste
 k - 2 potions of resistance
 o - 5 potions of magic
 u - 3 potions of might
 w - 6 potions of restore abilities
 A - 2 potions of berserk rage
 E - a potion of porridge
Magical staves
 a - an uncursed staff of earth (weapon)
Miscellaneous
 S - a phial of floods
 Y - a fan of gales

Dungeon Overview and Level Annotations

Branches:
Dungeon (15/15)            Temple (1/1) D:6             Orc (4/4) D:9
    Elf (0/3) Orc:4          Lair (8/8) D:8           Swamp (5/5) Lair:6
 Spider (0/5) Lair:5        Slime (0/6) Lair:7       Vaults (0/5) D:13
 Depths (0/5) D:15

Altars:
Ashenzari
Cheibriados
Dithmenos
Elyvilon
Fedhas
Kikubaaqudgha
Makhleb
Nemelex Xobeh
Okawaru
Qazlal
Sif Muna
Trog
Vehumet
Xom
Yredelemnul
Beogh

Shops:
D:7 !   D:12 [   Orc:4 :=?[

..♣♣ ♣.[♣≈.≈≈≈≈..≈≈≈≈≈≈≈.♣ ≈≈.♣♣♣
♣♣♣≈..≈≈≈≈≈≈♣≈≈≈≈≈≈≈§♣ ≈≈..≈♣
♣≈≈..≈≈≈≈≈≈♣.≈≈≈≈≈≈♣♣♣ .≈≈≈≈♣♣
♣♣♣♣..≈.≈≈≈≈♣≈♣≈≈≈≈≈≈♣ ♣ ≈≈≈≈≈.♣
♣≈.≈♣♣♣≈≈≈≈♣≈≈≈♣≈≈≈≈≈♣♣♣ ≈≈≈≈§.♣
♣.≈≈≈.♣.≈.♣≈P≈≈≈♣≈≈≈..≈≈
≈≈≈≈§≈♣♣♣♣≈≈≈≈≈≈..≈♣PP≈≈≈≈..≈..≈≈
§≈...♣♣♣≈.≈≈≈≈.D♣≈≈.≈PP≈≈♣...≈≈≈.
♣♣≈≈.≈≈≈....§♣%f@≈≈.♣≈≈≈♣≈≈.≈≈.≈.
♣..≈≈≈≈≈.≈≈.♣♣≈≈≈♣♣♣♣ ♣≈≈≈.≈≈≈≈≈
.≈≈≈≈≈≈≈.≈♣..♣≈.≈♣ ≈.≈≈≈≈≈.≈♣
♣≈≈≈≈.≈♣≈♣♣≈ ♣[..♣ ♣.≈≈≈≈.≈♣
.≈≈≈≈.≈≈♣♣♣♣ ♣≈.♣♣ ♣..≈..♣♣
≈≈..≈≈≈..♣ ♣♣♣♣ ♣♣♣♣♣♣
≈≈..≈≈≈...♣ ≈≈≈≈≈..≈≈≈≈
≈≈≈♣.≈≈≈≈.


You could see a thorn hunter and a five-headed hydra.


Message History

* * * LOW HITPOINT WARNING * * *
You feel sick.
The thorn hunter fires a volley of thorns at you.
You block the volley of thorns.
The five-headed hydra barely misses you. x2
The five-headed hydra closely misses you. x3
Unknown command.
You hit the thorn hunter! You crush the thorn hunter!
You bite the thorn hunter! You drain its power.
You feel invigorated.
The thorn hunter is moderately damaged.
You are engulfed in poison gas.
You are more poisoned.
* * * LOW HITPOINT WARNING * * *
You feel very sick.
The thorn hunter fires a volley of thorns at you.
The volley of thorns hits you!
* * * LOW HITPOINT WARNING * * *
The thorn hunter completely misses you. You block the thorn hunter's attack.
Unknown command.
Drink which item? (? for menu, Esc to quit)
You feel better.
The five-headed hydra bites you but does no damage.
The five-headed hydra barely misses you.
You block the five-headed hydra's attack.
The five-headed hydra barely misses you.
The five-headed hydra closely misses you.
The thorn hunter hits you.
* * * LOW HITPOINT WARNING * * *
The thorn hunter hits you!
You die...

Action                   |  1- 3 |  4- 6 |  7- 9 | 10-12 | 13-15 | 16-18 || total
-------------------------+-------+-------+-------+-------+-------+-------++-------
Melee: Quarterstaff      |    59 |   148 |   370 |   786 |  1280 |   925 ||  3568
       Staff             |       |       |       |       |       |   472 ||   472
       Unarmed           |       |       |       |       |       |     6 ||     6
 Fire: Blowgun           |       |     6 |    55 |    14 |    15 |     1 ||    91
Throw: Throwing net      |       |     5 |     2 |     8 |       |     2 ||    17
       Javelin           |       |       |       |       |       |     2 ||     2
Invok: Heroism           |       |       |     2 |     6 |    14 |     8 ||    30
       Finesse           |       |       |       |       |     1 |     3 ||     4
 Abil: Evoke Berserk Rag |       |       |       |     2 |       |       ||     2
Evoke: Wand              |       |     5 |     1 |     3 |    27 |     8 ||    44
       Deck              |       |       |       |       |       |     4 ||     4
  Use: Potion            |     1 |       |     1 |     4 |     7 |     9 ||    22
       Scroll            |     3 |     1 |    15 |    12 |    14 |    12 ||    57
 Stab: Held in net/web   |       |     4 |       |     7 |       |     3 ||    14
       Sleeping          |       |     3 |     8 |     3 |       |       ||    14
       Distracted        |       |       |     1 |     1 |       |       ||     2
  Eat: Chunk             |     1 |     5 |    14 |    18 |    10 |    13 ||    61
       Fruit             |       |       |       |     9 |     7 |     4 ||    20
       Bread ration      |       |       |       |       |     4 |     3 ||     7
       Pizza             |       |       |       |       |     1 |     2 ||     3
       Royal jelly       |       |       |       |       |     1 |       ||     1

Vault maps used:
D:1:      dpeg_arrival_sounds_drone, minmay_strange_pillars
D:2:      uniq_jessica, uniq_iyjb, uniq_sigmund
D:3:      wad_crossroads, first_bread, kennysheep_generic_room_4,
          uniq_crazy_yiuf_cottage
D:4:      uniq_natasha
D:5:      minmay_strange_pillars, st_stairs_9, minmay_mini_ossuary
D:6:      minmay_temple_entry_butterflies
D:7:      serial_shops, nicolae_shop_crystal
D:8:      cheibrodos_ashenzari_chains, minmay_lair_entry_lava
D:9:      old_standard_altar, cheibrodos_beetle_habitat,
          minmay_orc_entry_temple_small, enter_bailey_3, grunt_ogre_cave
D:10:     minivault_22
D:12:     serial_shops, shop, uniq_psyche
D:13:     david_vaults_1
D:14:     spider_trap
D:15:     grunt_enter_depths_snipers, minmay_misc_feat_more_columns,
          eino_small_chamber_without_monster, serial_bayou_pond_d,
          serial_bayou_pond_d
Temple:   chambers_temple_14
Orc:1:    serial_shops, shop_fountains, bloody_trog
Orc:3:    nicolae_orc_pool_cavern
Orc:4:    st_orc_rangers, uniq_urug
Lair:1:   lab_entry_generic
Lair:2:   lemuel_fruit_fields, infiniplex_staircase_pool
Lair:3:   serial_bayou_shore_a
Lair:4:   beast_lair_carwin_large_2, nicolae_quartered_pool_super
Lair:5:   spider_nest_entry_rubble, basic_altar, grunt_megastairs_2,
          lemuel_fruit_fields
Lair:6:   swamp_mist_pool, minmay_lindwurm_lava
Lair:7:   slaughterhouse, nicolae_slime_entry_slimehenge
Lair:8:   minmay_lair_end_enchanted_forest, uniq_maud
Swamp:1:  evilmike_swamp_ruin_house_5
Swamp:2:  nicolae_swamp_round_clearing
Swamp:3:  evilmike_swamp_ruin_house_2
Swamp:4:  nicolae_swamp_triple_paths
Swamp:5:  swamp_alternative, swamp_pool2
Abyss:1:  guppyfry_abyss_exit_glass_guarded
Lab:      labyrinth_skeletal_remains, lab_fountain
Bailey:   bailey_polearm_5, bailey

Notes
Turn   | Place    | Note
--------------------------------------------------------------
     0 | D:1      | RobertPalmer, the Vine Stalker Gladiator, began the quest for the Orb.
     0 | D:1      | Reached XP level 1. HP: 11/11 MP: 1/1
   134 | D:1      | Reached skill level 3 in Staves
   402 | D:1      | Reached XP level 2. HP: 15/15 MP: 3/3
   798 | D:2      | Noticed Ijyb
   800 | D:2      | Noticed Sigmund
   821 | D:1      | Killed Ijyb
   821 | D:1      | Reached skill level 4 in Staves
   821 | D:1      | Reached XP level 3. HP: 10/18 MP: 4/4
  1061 | D:2      | Noticed Jessica
  1064 | D:2      | Killed Jessica
  1064 | D:2      | Reached XP level 4. HP: 23/23 MP: 5/5
  1125 | D:2      | Killed Sigmund
  1125 | D:2      | Reached skill level 5 in Staves
  1125 | D:2      | Reached XP level 5. HP: 23/26 MP: 7/7
  2039 | D:3      | Gained mutation: You heal very quickly. [vine stalker growth]
  2039 | D:3      | Reached XP level 6. HP: 30/30 MP: 8/8
  2091 | D:3      | Reached skill level 6 in Staves
  2185 | D:3      | Noticed Crazy Yiuf
  2194 | D:3      | Killed Crazy Yiuf
  2640 | D:4      | Reached skill level 7 in Staves
  2640 | D:4      | Reached XP level 7. HP: 27/34 MP: 6/9
  2738 | D:3      | Identified a potion of resistance
  2833 | D:4      | Noticed Natasha
  2851 | D:4      | Killed Natasha
  2854 | D:4      | Noticed Natasha
  2867 | D:4      | Killed Natasha
  3030 | D:4      | Noticed Natasha
  3038 | D:4      | Killed Natasha
  3188 | D:5      | Entered Level 5 of the Dungeon
  3242 | D:5      | Reached skill level 8 in Staves
  3466 | D:5      | Reached skill level 3 in Dodging
  3683 | D:5      | Gained mutation: You have razor-sharp teeth. [vine stalker growth]
  3683 | D:5      | Reached XP level 8. HP: 29/38 MP: 11/11
  4009 | D:5      | Reached skill level 4 in Dodging
  4515 | D:6      | Reached skill level 5 in Dodging
  4593 | D:6      | Found a staircase to the Ecumenical Temple.
  4604 | Temple   | Entered the Ecumenical Temple
  4832 | Temple   | Became a worshipper of Warmaster Okawaru
  4889 | D:6      | Reached skill level 6 in Dodging
  5509 | D:7      | Reached XP level 9. HP: 32/42 MP: 12/12
  5516 | D:7      | Found Threik's Distillery.
  5526 | D:7      | Bought a potion of agility for 30 gold pieces
  5526 | D:7      | Bought a potion of might for 30 gold pieces
  5763 | D:7      | HP: 4/42 [orc wizard/magic dart (5)]
  5844 | D:6      | Reached skill level 7 in Dodging
  6164 | D:8      | Acquired Okawaru's first power
  6176 | D:8      | Found a staircase to the Lair.
  6177 | D:8      | Noticed a fire drake
  6350 | D:8      | HP: 4/42 [fire drake/blast of flame (15)]
  6446 | D:7      | Reached skill level 8 in Dodging
  6550 | D:8      | Identified a scroll of acquirement
  6668 | D:8      | Found a shattered altar of Ashenzari.
  6755 | D:8      | Killed a fire drake
  6818 | D:8      | Reached skill level 9 in Dodging
  6964 | D:9      | Found a flagged portal.
  7041 | Bailey   | Entered a bailey
  7151 | Bailey   | Reached skill level 1 in Invocations
  7185 | Bailey   | Reached skill level 2 in Invocations
  7187 | Bailey   | Reached skill level 3 in Invocations
  7187 | Bailey   | Reached XP level 10. HP: 23/46 MP: 13/18
  7293 | Bailey   | Noticed an orc knight
  7411 | Bailey   | Killed an orc knight
  7411 | Bailey   | Reached skill level 3 in Fighting
  7623 | Bailey   | Reached skill level 4 in Fighting
  7964 | Bailey   | Noticed an orc knight
  7967 | Bailey   | Noticed an orc knight
  7968 | Bailey   | Noticed an orc knight
  8014 | Bailey   | Killed an orc knight
  8014 | Bailey   | Reached skill level 5 in Fighting
  8018 | Bailey   | HP: 2/51 [orc knight/glaive (15)]
  8211 | D:9      | Found a burning altar of Makhleb.
  8341 | D:9      | Reached skill level 6 in Fighting
  8555 | D:9      | Found a staircase to the Orcish Mines.
  8775 | Lair:1   | Entered Level 1 of the Lair of Beasts
  8843 | Lair:1   | Found a labyrinth entrance.
  8852 | Lab      | Entered a labyrinth
  9460 | Lab      | Noticed a minotaur
  9472 | Lab      | Killed a minotaur
  9472 | Lab      | Reached skill level 7 in Fighting
  9477 | Lab      | Identified Strit Owi's Tome of Toxins and the Glacier
  9512 | Lair:1   | Reached skill level 8 in Fighting
  9604 | Lair:1   | Reached XP level 11. HP: 46/60 MP: 18/20
  9713 | Lair:1   | Got a warped lapis lazuli ring
  9714 | Lair:1   | Identified the ring "Smuut" {SustAb +Fly} (You found it on level 1 of the Lair of Beasts)
  9726 | Lair:1   | Reached skill level 9 in Fighting
 10447 | Lair:2   | Reached skill level 10 in Fighting
 11204 | Lair:3   | Acquired Okawaru's second power
 11204 | Lair:3   | Reached skill level 11 in Fighting
 11325 | Lair:3   | Noticed a six-headed hydra
 11945 | Lair:4   | Upgraded the game from 0.15.0-8-gb109cf8 to 0.15.0-11-g6f4f891
 12517 | Lair:4   | Gained mutation: You regenerate. [vine stalker growth]
 12517 | Lair:4   | Reached XP level 12. HP: 71/71 MP: 20/20
 12547 | Lair:4   | Reached skill level 12 in Fighting
 12708 | Lair:4   | Received a gift from Okawaru
 13659 | Lair:5   | Reached skill level 13 in Fighting
 13699 | Lair:5   | Found a hole to the Spider Nest.
 13791 | Lair:5   | Noticed a death yak
 13792 | Lair:5   | Noticed a death yak
 13806 | Lair:5   | Killed a death yak
 13867 | Lair:5   | Found a blossoming altar of Fedhas.
 13874 | Lair:5   | Noticed a death yak
 13990 | Lair:5   | Noticed a six-headed hydra
 14073 | Lair:5   | Killed a six-headed hydra
 14105 | Lair:5   | Noticed a death yak
 14107 | Lair:5   | Noticed a death yak
 14253 | Lair:5   | Killed a death yak
 14253 | Lair:5   | Reached skill level 14 in Fighting
 14262 | Lair:5   | Noticed a death yak
 14263 | Lair:5   | Noticed a death yak
 14263 | Lair:5   | Noticed a death yak
 14265 | Lair:5   | Noticed a death yak
 14380 | Lair:5   | Killed a death yak
 14403 | Lair:5   | Killed a death yak
 14410 | Lair:5   | Killed a death yak
 14414 | Lair:5   | Killed a death yak
 14414 | Lair:5   | Reached XP level 13. HP: 72/79 MP: 21/21
 14420 | Lair:5   | Killed a death yak
 14424 | Lair:5   | Killed a death yak
 14432 | Lair:5   | Killed a death yak
 14432 | Lair:5   | Reached skill level 15 in Fighting
 14467 | Lair:5   | Received a gift from Okawaru
 14584 | Lair:5   | Got a transparent chain mail
 14595 | Lair:5   | Identified the cursed +7 chain mail "Ghoim" {rC+} (You found it on level 5 of the Lair of Beasts)
 14778 | Lair:5   | Noticed a seven-headed hydra
 14984 | Lair:5   | Reached skill level 1 in Armour
 15200 | Lair:6   | Found a staircase to the Swamp.
 15406 | Lair:6   | Reached skill level 2 in Armour
 15755 | Lair:6   | Reached skill level 3 in Armour
 16127 | Lair:7   | Reached skill level 4 in Armour
 16234 | Lair:7   | Reached skill level 5 in Armour
 16402 | Lair:7   | Found a staircase to the Slime Pits.
 16619 | Lair:7   | Received a gift from Okawaru
 16762 | Lair:7   | Reached skill level 16 in Fighting
 17140 | Lair:8   | Entered Level 8 of the Lair of Beasts
 17213 | Lair:8   | Noticed Maud
 17256 | Lair:8   | Reached XP level 14. HP: 76/87 MP: 20/22
 17276 | Lair:8   | Killed Maud
 17380 | Lair:8   | Reached skill level 6 in Armour
 17393 | Lair:8   | Gained mutation: You are partially covered in rough black scales (AC +4, Dex -1). [potion of beneficial mutation]
 17779 | Lair:8   | Received a gift from Okawaru
 17784 | Lair:8   | Reached skill level 7 in Armour
 18603 | Lair:8   | Reached skill level 8 in Armour
 18884 | Lair:8   | Received a gift from Okawaru
 19141 | Swamp:1  | Entered Level 1 of the Swamp
 19254 | Swamp:1  | Reached skill level 9 in Armour
 19589 | Swamp:1  | Reached XP level 15. HP: 83/92 MP: 21/23
 19821 | Swamp:1  | Reached skill level 10 in Armour
 20181 | Swamp:2  | Received a gift from Okawaru
 20665 | Swamp:3  | Reached skill level 11 in Armour
 20849 | Swamp:3  | Got a faintly glowing helmet
 20861 | Swamp:3  | Identified the +3 helmet of Anaesthesia {Dex+2 Int+3} (You found it on level 3 of the Swamp)
 21044 | Swamp:3  | HP: 9/92 [poison (poison gas)]
 21049 | Swamp:3  | HP: 7/92 [poison (poison gas)]
 21054 | Swamp:3  | HP: 7/92 [poison (poison gas)]
 21059 | Swamp:3  | HP: 9/92 [poison (poison gas)]
 21468 | Swamp:4  | Received a gift from Okawaru
 21603 | Swamp:4  | Noticed a thorn hunter
 21620 | Swamp:4  | Killed a thorn hunter
 21670 | Swamp:4  | Noticed a tentacled monstrosity
 21686 | Swamp:4  | Killed a tentacled monstrosity
 21686 | Swamp:4  | Reached skill level 12 in Armour
 22313 | Swamp:5  | Entered Level 5 of the Swamp
 22425 | Swamp:5  | Gained mutation: You have a pair of small horns on your head. [potion of beneficial mutation]
 22464 | Swamp:5  | Reached skill level 5 in Earth Magic
 22464 | Swamp:5  | Identified a potion of experience
 22464 | Swamp:5  | Reached XP level 16. HP: 97/97 MP: 24/24
 22508 | Swamp:5  | Received a gift from Okawaru
 22777 | Lair:6   | Learned a level 4 spell: Petrify
 22852 | Swamp:1  | Got a pair of jewelled boots
 22863 | Swamp:1  | Identified the +2 pair of boots of Miracles {rF+} (You found it on level 1 of the Swamp)
 23145 | D:9      | Found a roughly hewn altar of Beogh.
 23456 | D:9      | Found a snail-covered altar of Cheibriados.
 23863 | D:10     | Entered Level 10 of the Dungeon
 24477 | D:10     | Reached skill level 13 in Armour
 24785 | D:11     | Reached XP level 17. HP: 62/102 MP: 25/25
 25060 | D:11     | Gained mutation: You are partially covered in icy blue scales (AC +1). [potion of beneficial mutation]
 25326 | D:12     | Received a gift from Okawaru
 25612 | D:12     | Noticed Psyche
 25626 | D:12     | Killed Psyche
 25833 | D:12     | Found Lusih's Antique Armour Boutique.
 25841 | D:12     | Bought a pitted leather armour for 196 gold pieces
 25852 | D:12     | Identified the +0 leather armour of the Iron Devil {+Fly rF+ SInv} (You bought it in a shop on level 12 of the Dungeon)
 25929 | D:12     | Got a faintly glowing cloak
 25940 | D:12     | Identified the +0 cloak of the Falcon {Int+5} (You acquired it on level 12 of the Dungeon)
 26295 | D:13     | Found a gate to the Vaults.
 26851 | D:14     | Reached skill level 14 in Armour
 27331 | D:14     | Received a gift from Okawaru
 27645 | D:15     | Entered Level 15 of the Dungeon
 27807 | D:15     | Found a staircase to the Depths.
 27818 | D:15     | Reached skill level 6 in Earth Magic
 28292 | D:15     | Reached skill level 7 in Earth Magic
 28408 | D:15     | Cast into the Abyss (ogre mage)
 28438 | Abyss:1  | Found a corrupted altar of Lugonu.
 28588 | Abyss:1  | Reached skill level 8 in Earth Magic
 28612 | Abyss:1  | Noticed a bone dragon
 28638 | Abyss:1  | Killed a bone dragon
 28643 | Abyss:1  | Reached skill level 9 in Earth Magic
 29110 | Abyss:1  | Noticed a Hell Sentinel
 29208 | Abyss:1  | Received a gift from Okawaru
 29252 | Abyss:1  | Reached skill level 10 in Earth Magic
 29280 | D:15     | Escaped the Abyss
 29790 | Orc:1    | Entered Level 1 of the Orcish Mines
 30041 | Orc:1    | Found Rump's Distillery.
 30051 | Orc:1    | Rump's Distillery was a mimic.
 30211 | Orc:1    | Found a bloodstained altar of Trog.
 30470 | Orc:2    | Reached skill level 1 in Shields
 30643 | Orc:3    | Reached skill level 1 in Evocations
 30643 | Orc:3    | Reached XP level 18. HP: 90/107 MP: 25/25
 30778 | Orc:2    | Reached skill level 2 in Evocations
 31146 | Orc:3    | Noticed Conn321's ghost (powerful HaEn)
 31158 | Orc:3    | Killed Conn321's ghost
 31326 | Orc:4    | Entered Level 4 of the Orcish Mines
 31337 | Orc:4    | Reached skill level 3 in Evocations
 31611 | Orc:4    | Reached skill level 4 in Evocations
 31702 | Orc:4    | Found Geusihu's Jewellery Emporium.
 31702 | Orc:4    | Found Mutseffa's Magic Scroll Shop.
 31708 | Orc:4    | Found Skifaok's Antique Armour Boutique.
 31756 | Orc:4    | Found Klaesm's Book Shoppe.
 31765 | Orc:4    | Bought the ring "Pligezxo" {rN+ Dex+5 Int+3} for 657 gold pieces
 31914 | Orc:4    | Bought a scroll of teleportation for 36 gold pieces
 31914 | Orc:4    | Bought a scroll of identify for 24 gold pieces
 31950 | Orc:4    | Noticed Urug
 31976 | Orc:4    | Killed Urug
 31976 | Orc:4    | Reached skill level 5 in Evocations
 32025 | Orc:4    | Found a staircase to the Elven Halls.
 32486 | Lair:5   | Got a shimmering buckler {god gift}
 32497 | Lair:5   | Identified the +1 buckler of Keompoph {Dex-2 Int+2} (Okawaru gifted it to you on level 5 of the Lair of Beasts)
 32750 | Swamp:5  | Noticed a thorn hunter
 32758 | Swamp:5  | HP: 2/107 [thorn hunter/volley of thorns (20)]
 32759 | Swamp:5  | Mangled by a thorn hunter

Vanquished Creatures
  A bone dragon (Abyss:1)
  A tentacled monstrosity (Swamp:4)
  A tentacled starspawn (Abyss:1)
  A thorn hunter (Swamp:4)
  A frost giant (D:15)
  Maud (Lair:8)
  A cacodemon (Abyss:1)
  A stone giant (Orc:3)
  A minotaur (Lab)
  The ghost of Conn321 the Nimble, a powerful HaEn of Vehumet (Orc:3)
  2 ogre magi
  5 centaur warriors
  13 hydras
  18 death yaks
  2 tengu warriors (D:14)
  6 alligators
  A thrashing horror (Abyss:1)
  Urug (Orc:4)
  An orc high priest (Orc:4)
  9 skeletal warriors
  A wretched star (Abyss:1)
  An unseen horror (D:14)
  A spatial maelstrom (Abyss:1)
  5 large abominations (Abyss:1)
  4 hill giants
  6 swamp dragons
  A wizard (D:13)
  2 red wasps
  4 lindwurms (Lair:6)
  5 orc knights
  A griffon (Lair:7)
  A worldbinder (Abyss:1)
  An orc sorcerer (Orc:2)
  28 slime creatures
  3 ugly things
  A sixfirhy (Abyss:1)
  2 cyclopes (D:15)
  4 black mambas
  11 elephants
  An orange demon (Abyss:1)
  15 spiny frogs
  A torpor snail (Lair:5)
  An item mimic (Lair:4)
  An iron devil (Abyss:1)
  Psyche (D:12)
  A kobold demonologist (D:15)
  A yaktaur (D:15)
  2 centaur skeletons
  2 efreet
  3 gargoyles
  2 fire drakes
  A yaktaur (shapeshifter) (D:15)
  4 komodo dragons
  2 spriggan druids (Lair:8)
  6 trolls
  4 two-headed ogres
  6 polar bears (Lair:8)
  An ancient zyme (Abyss:1)
  11 bog bodies
  4 giant leeches
  8 ravens
  2 humans (Lair:7)
  A tarantella (Lair:5)
  A catoblepas skeleton (D:11)
  2 ynoxinuls (Abyss:1)
  5 basilisks
  16 blink frogs
  20 spriggans
  45 yaks
  9 redbacks (Lair:8)
  5 deep elf magi
  6 shadows
  2 hungry ghosts (D:13)
  A chaos spawn (Abyss:1)
  A wyvern (D:15)
  A steam dragon (D:9)
  A fire elemental (Abyss:1)
  21 swamp worms
  27 wolves
  9 hippogriffs
  19 vampire mosquitoes
  A soldier ant (D:13)
  22 water moccasins
  A mottled dragon (D:15)
  7 porcupines
  9 swamp drakes
  41 orc warriors
  A warg (Orc:4)
  13 yellow wasps
  4 black bears
  2 small abominations (Abyss:1)
  3 sky beasts
  2 phantoms
  3 ice beasts
  23 ogres
  14 centaurs
  14 crocodiles
  A hill giant simulacrum (D:14)
  Sigmund (D:2)
  5 boggarts (D:15)
  17 giant frogs
  A gnoll sergeant (D:10)
  A wyvern zombie (D:9)
  4 insubstantial wisps (Swamp:3)
  An eye of draining (D:13)
  A scorpion (D:4)
  A hippogriff zombie (D:12)
  10 wights
  A troll zombie (D:9)
  3 electric eels
  4 goliath beetles
  5 crimson imps
  A cyclops simulacrum (D:15)
  2 quasits
  A giant frog skeleton (D:8)
  Crazy Yiuf (D:3)
  28 orc priests
  6 hounds
  12 jellies
  A black bear skeleton (D:6)
  9 iguanas
  24 orc wizards
  Natasha (thrice) (D:4)
  43 sheep
  9 worker ants
  5 ogre zombies
  Ijyb (D:1)
  Jessica (D:2)
  An ogre skeleton (D:5)
  2 mummies
  29 adders
  9 gnolls
  49 green rats
  3 orc zombies
  An inept feature mimic (Orc:1)
  7 shadow imps
  2 giant mites
  A white imp (D:4)
  4 worms
  An ufetubus (Abyss:1)
  An iguana skeleton (D:4)
  5 orc skeletons
  7 giant geckos
  2 oozes (Lair:7)
  174 orcs
  12 bats
  A bat zombie (D:5)
  21 goblins
  19 hobgoblins
  7 jackals
  16 kobolds
  3 giant cockroaches
  3 giant newts
  A hobgoblin skeleton (D:4)
  A hobgoblin zombie (D:5)
  2 kobold zombies (D:5)
  9 quokkas
  15 rats
  5 ballistomycetes
  3 butterflies
  A fungus (Lair:5)
1202 creatures vanquished.

Vanquished Creatures (others)
  2 humans (Lair:7)
  An orc priest (Orc:2)
  A giant newt zombie (D:4)
  3 giant spores
  A butterfly (D:8)
  2 fungi
  A plant (Lair:6)
  2 starspawn tentacles (Abyss:1)
  6 starspawn tentacle segments (Abyss:1)
19 creatures vanquished.

Grand Total: 1221 creatures vanquished
